 Dungeon Crawl Stone Soup version 0.25-a0-668-gea548f19b6 (console) character file.

Game seed: 17523702963949180931, levelgen mode: classic

4 Duffy the Skirmisher (level 1, 9/21 HPs)
             Began as a Naga Fighter on Mar 28, 2020.
             Was a Plaything of Xom.
             Quit the game on level 2 of the Dungeon.
             The game lasted 00:00:24 (217 turns).

Duffy the Skirmisher (Naga Fighter)                  Turns: 217, Time: 00:00:25

Health: 9/21       AC:  3    Str: 18    XL:     1   Next: 60%
Magic:  1/1        EV:  5    Int:  8    God:    Xom [..*...]
Gold:   25         SH:  8    Dex: 10    Spells: 0/0 levels left

rFire    . . .     SeeInvis +   a - +0 war axe
rCold    . . .     Gourm    .   c - +0 kite shield
rNeg     . . .     Faith    .   b - +0 scale mail
rPois    +         Spirit   .   (no helmet)
rElec    .         Reflect  .   (no cloak)
rCorr    .         Harm     .   (no gloves)
MR       .....                  (no barding)
Stlth    ..........             (no amulet)
HPRegen  0.07/turn              (no ring)
MPRegen  0.07/turn              (no ring)

@: very slow
A: large, see invisible, deformed body, poison resistance, slowness 2, slow
metabolism 1, spit poison 1, AC +0
a: Spit Poison, Renounce Religion


You were on level 2 of the Dungeon.
You worshipped Xom.
You were a toy of Xom.
You were not hungry.

You visited 1 branch of the dungeon, and saw 2 of its levels.

You collected 25 gold pieces.

Inventory:

Hand Weapons
 a - a +0 war axe (weapon)
Armour
 b - a +0 scale mail (worn)
 c - a +0 kite shield (worn)
Scrolls
 h - 2 scrolls of identify {unknown}
Potions
 d - a potion of might
 e - 2 potions of curing
Comestibles
 f - a ration
 g - a chunk of flesh


   Skills:
 - Level 3.0 Fighting
 + Level 2.2 Axes
 - Level 2.4 Armour
 + Level 2.5 Shields


You couldn't memorise any spells.
You didn't know any spells.
Your spell library was empty.

Dungeon Overview and Level Annotations

Branches:
Dungeon (2/15)

Altars:
Xom


Innate Abilities, Weirdness & Mutations

You cannot wear boots.
Your serpentine skin is tough. (AC +0)
You have supernaturally acute eyesight. (SInv)
Armour fits poorly on your strangely shaped body.
Your system is resistant to poisons. (rPois)
You cover ground very slowly.
You have a slow metabolism.
You can spit poison.


Message History

Press: ? - help, Shift-Dir - straight line, f - bat
Aim: a bat The splash of poison misses the bat.
You feel slightly more hungry. You block the bat's attack.
The bat hits you but does no damage. The bat hits you but does no damage.
There is an escape hatch in the floor here.
The bat hits you but does no damage.
You slide downwards.
The hatch slams shut behind you.
Found a faded altar of an unknown god.
Found an escape hatch in the floor.
You have got your breath back.
A giant cockroach comes into view.
There is a faded altar of an unknown god here.
You cannot tell which god this altar belongs to.
Convert to them anyway? [Y]es or [N]o only, please.
You cannot tell which god this altar belongs to.
Convert to them anyway?
Xom accepts your prayer! Xom welcomes you! The giant cockroach bites you. x2
Are you sure you want to abandon this character and quit the game? (Confirm with "yes".)

##### #####
#.... ....
#.... ...#
##+...#...#
#....#.#..#
#...#._.#.#
#....#.#..#
#.....#@..#
#......s..#
#...#..####
#...#..#
#.. #..#
#.. #.># #.
#..# #.
#...


You could see a giant cockroach.

Vanquished Creatures
  2 bats (D:1)
  A goblin (D:1)
  A rat (D:1)
4 creatures vanquished.

Notes
Turn   | Place    | Note
-------+----------+-------------------------------------------
     0 | D:1      | Duffy the Naga Fighter began the quest for the Orb.
     0 | D:1      | Reached XP level 1. HP: 21/21 MP: 1/1
   196 | D:2      | Found a faded altar of an unknown god.
   214 | D:2      | Became a worshipper of Xom the Begetter of Turbulence
   217 | D:2      | Quit the game

Levels and vault maps discovered:
D:1:      dpeg_arrival_tiny_c, layout_basic, serial_aquarium,
          aquarium_bridge_island_small [aquarium_subvault_small_open,
          aquarium_subvault_bridge, aquarium_subvault_balcony,
          aquarium_subvault_balcony, aquarium_subvault_window],
          aquarium_window_fake, aquarium_window_1, aquarium_window_fake,
          aquarium_view_2c, aquarium_view_2b, aquarium_balcony_3b, st_stairs_14,
          minmay_tromino_v4_c
D:2:      layout_basic, chequers_ecumenical_altar_simple_redux,
          uniq_crazy_yiuf_cottage, uniq_robin

Action                   || total
-------------------------++-------
Melee: War axe           ||    29
 Abil: Spit Poison       ||     1
Armor: Scale mail        ||    26
Dodge: Dodged            ||     7
Block: Kite shield       ||    24

Table legend:
 A = Non-vault XP
 B = Vault XP
 C = Vault XP percentage of total XP
 D = Non-vault monster count
 E = Vault monster count
 F = Vault count percentage of total count
                 A         B        C        D         E       F
            +---------+---------+-------+---------+---------+-------
      Total |       6 |       0 |   0.0 |       4 |       0 |   0.0
            +---------+---------+-------+---------+---------+-------
        D:1 |       6 |       0 |   0.0 |       4 |       0 |   0.0
            +---------+---------+-------+---------+---------+-------
